 Dungeon Crawl Stone Soup version 0.30-a0-1085-g990a428a5c (webtiles) character file.

Game seed: 13332181621218007522

11 mandoloar the Trooper (level 2, 22/27 HPs)
             Began as a Hill Orc Fighter on Apr 17, 2023.
             Quit the game on level 1 of the Dungeon.
             The game lasted 00:01:06 (639 turns).

mandoloar the Trooper (Hill Orc Fighter)             Turns: 639, Time: 00:01:07

Health: 22/27      AC:  6    Str: 18    XL:     2   Next: 25%
Magic:  2/2        EV:  9    Int:  8    God:
Gold:   56         SH:  4    Dex: 10    Spells: 1/1 levels left

rFire   . . .      SeeInvis .    a - +0 war axe
rCold   . . .      Faith    .    c - +0 buckler
rNeg    . . .      Spirit   .    b - +0 scale mail
rPois   .          Reflect  .    (no helmet)
rElec   .          Rampage  .    (no cloak)
rCorr   .                        (no gloves)
Will    .....                    (no boots) Stlth
                                 (no amulet)
HPRegen 0.24/turn                (no ring)
MPRegen 0.08/turn                (no ring)

@: mighty, very slow
A: no striking features
a: no special abilities


You were on level 1 of the Dungeon.
You visited 1 branch of the dungeon, and saw 1 of its levels.

You collected 56 gold pieces.

Inventory:

Hand Weapons
 a - a +0 war axe (weapon)
Missiles
 f - 7 poisoned darts (quivered)
 g - 3 boomerangs of dispersal
Armour
 b - a +0 scale mail (worn)
 c - a +0 buckler (worn)
Jewellery
 i - a +5 ring of evasion
Scrolls
 h - a scroll of brand weapon {unknown}
 j - a scroll of fog {unknown}
 k - a scroll of blinking {unknown}
 n - a scroll of teleportation {unknown}
Potions
 e - a potion of attraction {unknown}
 l - a potion of degeneration {unknown}
 m - a potion of mutation {unknown}


   Skills:
 + Level 4.0 Fighting
 + Level 3.3 Axes
 - Level 3.3 Armour
 - Level 3.3 Shields


You had one spell level left.
You didn't know any spells.
Your spell library was empty.

Dungeon Overview and Level Annotations

Branches:
Dungeon (1/15)

Altars:


Message History

Your unstable footing causes you to fumble your attack.
The endoplasm splashes around in the water.
You block the rat's attack. The rat bites you.
You slash the endoplasm!
You kill the endoplasm!
You hit the rat.
You kill the rat!
You barely miss the rat. The rat bites you.
Your Fighting skill increases to level 4!
The rat attacks as you move away! The rat bites you.
You barely miss the rat. You hit the plant.
The plant begins to die.
The rat splashes around in the water. x2
Your unstable footing causes you to fumble your attack.
The rat splashes around in the water.
You hit the rat.
You kill the rat!
You hit the plant.
A nearby plant withers and dies.
You see here a rat corpse.
You start resting.
HP restored.
A ball python comes into view.
A ball python is nearby!
You slash the plant!
The plant begins to die.
The plant is lightly damaged.
The ball python bites you but does no damage.
You block the ball python's attack.
Your unstable footing causes you to fumble your attack.
A nearby plant withers and dies.
The ball python bites you. The ball python grabs you.
The ball python constricts you. The ball python bites you.
The ball python constricts you.
Your unstable footing causes you to fumble your attack.
The ball python bites you. The ball python constricts you.
Your unstable footing causes you to fumble your attack.
You block the ball python's attack. The ball python constricts you.
The ball python bites you. The ball python constricts you.
You slash the ball python!
You kill the ball python!
You start resting.
You feel very mighty all of a sudden.
Are you sure you want to abandon this character and quit the game? (Confirm with "yes".)

###.##..# ###.♣~~~♣~♣
♣## ~♣♣~♣~~~♣♣~♣♣~~♣♣# #
~~~~~~P~♣~~P♣~P~~♣.#
~~♣~~♣~≈≈≈~P~P~PP♣P♣#
~♣~~~~≈≈≈≈≈~≈~P♣~~~~♣##
~~~~≈≈≈≈≈≈≈≈≈≈~P~♣~~~~##
♣P~≈≈≈≈≈≈≈≈≈≈≈†~~~~~~P~#
~~~≈≈≈≈≈≈≈≈≈≈≈≈~@~~~~♣
~~≈≈≈≈≈≈≈≈≈≈≈≈~~~♣~~~♣
~~~≈≈~≈≈≈≈≈≈≈≈♣~~♣~~♣~+
♣~~~~P≈≈≈≈≈≈≈†~~~PPP♣
~~P~~~≈≈~≈~~~~†~♣♣♣.#
♣~~~~PP~~~~~♣♣♣~♣ #
♣♣♣~♣♣♣♣~♣~♣~~♣♣#
♣~~~~♣♣##r.# # ###..###
.#


There were no monsters in sight!

Vanquished Creatures
  2 endoplasms (D:1)
  A giant cockroach (D:1)
  A goblin (D:1)
  A quokka (D:1)
  A ball python (D:1)
  2 frilled lizards (D:1)
  A kobold (D:1)
  2 rats (D:1)
11 creatures vanquished.

Vanquished Creatures (others)
  3 plants (D:1)
3 creatures vanquished.

Grand Total: 14 creatures vanquished

Notes
Turn   | Place    | Note
-------+----------+-------------------------------------------
     0 | D:1      | mandoloar the Hill Orc Fighter began the quest for the Orb.
     0 | D:1      | Reached XP level 1. HP: 19/19 MP: 1/1
   528 | D:1      | Reached XP level 2. HP: 22/27 MP: 2/2
   584 | D:1      | Reached skill level 4 in Fighting
   639 | D:1      | Quit the game

Illustrated notes

Levels and vault maps discovered:
D:1:      roderic_crossed_star, layout_loops_corners, corner_web_ring,
          dk_noncrumbling_3, serial_bayou_lake_a

Skill      XL: |  1  2 |
---------------+-------+-----
Axes           | 3 |  3.3
Fighting       | 4 |  4.0
Armour         | |  3.3
Shields        | |  3.3

Action                     || total
---------------------------++-------
  Melee: War axe           ||    47
    Use: Potion            ||     1
 Armour: Scale mail        ||    15
  Dodge: Dodged            ||    22
  Block: Buckler           ||    10

Table legend: (Time is in decaauts)
 A = Elapsed time spent in this place.
 B = Non-inter-level travel time spent in this place.
 C = Inter-level travel time spent in this place.
 D = Time resting spent in this place.
 E = Time spent auto-exploring this place.
 F = Levels seen in this place.
 G = Mean time per level.
                   A        B        C        D        E       F      G
               +--------+--------+--------+--------+--------+-----+--------+
         Total |    674 |    674 |      0 |     57 |    491 |   1 |  674.0 |
       Dungeon |    674 |    674 |      0 |     57 |    491 |   1 |  674.0 |
               +--------+--------+--------+--------+--------+-----+--------+

Top non-repeatable levels by time:
     D:1: 674 daAuts
